 Dungeon Crawl Stone Soup version 0.16.1-51-g6203257 (webtiles) character file.

74051 witty the Fighter (level 15, -3/88 HPs)
             Began as a Vine Stalker Transmuter on July 21, 2015.
             Was the Champion of Cheibriados.
             Slain by a snapping turtle (14 damage)
             ... on level 4 of the Shoals on July 22, 2015.
             The game lasted 02:11:50 (24587 turns).

witty the Fighter (Vine Stalker Transmuter)        Turns: 24587, Time: 02:11:50

Health: -3/88      AC:  8    Str: 32    XL:     15   Next: 45%
Magic:  0/32       EV: 25    Int: 31    God:    Cheibriados [******]
Gold:   1393       SH:  0    Dex: 37    Spells: 4 memorised, 15 levels left

rFire  . . .     SeeInvis .       - Unarmed
rCold  . . .     Clarity  .     S - +2 robe {MR+}
rNeg   . . .     SustAb   .     (shield currently unavailable)
rPois  .         Gourm    .     A - +1 helmet
rElec  .         Spirit   +     i - +0 cloak
rCorr  .         Warding  .     b - melded +1 pair of gloves
rMut   .         Stasis   .     W - +0 pair of boots
MR     ++...                    (no amulet)
Stlth  +++.......               n - +6 ring of dexterity
                                z - ring of wizardry

@: blade hands, very slow, very resistant to hostile enchantments, fairly
stealthy
A: fangs 3, blurry vision 2, clever 1, regeneration 3, magic shield, antimagic
bite, no device heal 3, rot immunity
a: End Transformation, Bend Time, Temporal Distortion, Slouch, Step From Time,
Renounce Religion


You were on level 4 of the Shoals.
You worshipped Cheibriados.
Cheibriados was exalted by your worship.
You were not hungry.
You had blades for hands.
You visited 5 branches of the dungeon, and saw 28 of its levels.

You collected 2429 gold pieces.
You spent 1036 gold pieces at shops.

Inventory:

Missiles
 x - 6 poisoned arrows
Armour
 b - a +1 pair of gloves (melded)
 d - a cursed +0 large shield
 i - a +0 cloak (worn)
 A - a +1 helmet (worn)
 S - a +2 robe of magic resistance (worn)
 W - a +0 pair of boots (worn)
Jewellery
 g - an uncursed ring of fire
 n - a +6 ring of dexterity (right scythe-like blade)
 z - a ring of wizardry (left scythe-like blade)
 K - an uncursed ring of protection from magic
 L - an uncursed ring of positive energy
 M - an uncursed ring of protection from fire
Magical devices
 s - a wand of cold (9)
 C - a wand of digging (0)
 E - a wand of digging (11)
 V - a wand of digging (5)
Scrolls
 c - 4 scrolls of enchant armour
 f - 5 scrolls of remove curse
 j - 4 scrolls of recharging
 l - a scroll of silence
 q - 8 scrolls of magic mapping
 t - a scroll of identify
 G - 2 scrolls of brand weapon
 I - 2 scrolls of fog
 J - 3 scrolls of teleportation
 X - a scroll of fear
Potions
 e - 3 potions of might
 o - 8 potions of curing
 p - a potion of invisibility
 r - a potion of cure mutation
 v - 2 potions of cancellation
 w - a potion of brilliance
 D - 3 potions of resistance
 H - a potion of lignification
 N - 4 potions of magic
 P - a potion of agility
 Z - 2 potions of restore abilities
Books
 B - a book of the Sky

   Spells                             Type                      Level
   a - Flight                         Charms/Air                   3
   b - Airstrike                      Air                          4
   c - Silence                        Hexes/Air                    5
   d - Deflect Missiles               Charms/Air                   6
   e - Conjure Ball Lightning         Conjuration/Air              6
   f - Tornado                        Air                          9
 Y - a book of Alchemy

   Spells                             Type                      Level
   a - Sublimation of Blood           Necromancy                   2
   b - Alistair's Intoxication        Transmutation/Poison         4
   c - Condensation Shield            Ice                          4
   d - Petrify                        Transmutation/Earth          4
   e - Ignite Poison                  Fire/Transmutation           5
   f - Irradiate                      Conjuration/Transmutation    5
Comestibles
 a - 11 bread rations
 h - 9 meat rations
 k - 8 slices of pizza
 m - 2 beef jerkies
 u - 26 fruits
 U - a royal jelly


   Skills:
 + Level 14.6 Fighting
 - Level 9.0 Dodging
 - Level 10.3 Unarmed Combat
 - Level 8.0 Spellcasting
 - Level 8.1 Charms
 - Level 7.0 Transmutations
 - Level 6.1 Air Magic
 - Level 8.3 Invocations


You had 15 spell levels left.
You knew the following spells:

 Your Spells              Type           Power        Failure   Level  Hunger
a - Beastly Appendage     Trmt           ######       4%          1    None
b - Spider Form           Trmt/Pois      ####......   10%         3    None
c - Blade Hands           Trmt           ######....   17%         5    ####...
d - Deflect Missiles      Chrm/Air       ######....   43%         6    ######.


Dungeon Overview and Level Annotations

Branches:
Dungeon (11/15)            Temple (1/1) D:5            Lair (8/8) D:8
 Shoals (4/5) Lair:6        Slime (0/6) Lair:6          Orc (4/4) D:11
    Elf (0/3) Orc:4
  Snake: Lair:3-6    Spider: Lair:3-6

Altars:
Ashenzari
Cheibriados
Dithmenos
Elyvilon
Fedhas
Gozag
Kikubaaqudgha
Makhleb
Nemelex Xobeh
Okawaru
Qazlal
Ru
Sif Muna
Trog
Vehumet
Xom
Yredelemnul
Zin
The Shining One
Beogh
Jiyva

Shops:
D:11 [   Orc:3 *   Orc:4 [*(:

Annotations:
D:11 3 runed doors, exclusion: orange crystal statue


Innate Abilities, Weirdness & Mutations

You have razor-sharp teeth.
You regenerate.
When hurt, damage is shared between your health and your magic reserves.
Your bite disrupts and absorbs the magic of your enemies.
Potions and wands cannot restore your health.
You are immune to rotting.
Scrolls take you longer to read.
Your mind is acute. (Int +2)


Message History

Items here: ( )) † a longbow; an uncursed club; 16 arrows of flame; a satyr corpse You butcher the satyr corpse.
Items here: % ( )) ÷ a longbow; an uncursed club; 16 arrows of flame; a chunk of flesh a satyr skeleton Eat a chunk of flesh? (ye/n/q/i?) This raw flesh tastes terrible.
You continue eating.
The merfolk hits you from afar with a trident!!
You continue eating.
The merfolk closely misses you.
There are monsters nearby!
There are monsters nearby!
There are monsters nearby!
The snapping turtle bites you from afar!!
* * * LOW HITPOINT WARNING * * *
The merfolk drinks a potion.
The merfolk seems to grow stronger.
The snapping turtle bites you from afar!!
You die...

≈≈≈≈≈≈...≈≈≈≈≈......≈≈≈≈≈≈
.≈≈≈≈....≈≈≈≈≈≈......≈≈≈≈≈≈
.≈≈≈..≈≈≈≈≈≈≈≈..≈....≈≈≈≈≈≈≈
.....≈≈≈≈≈≈≈..≈.≈≈≈≈≈≈≈≈(≈≈≈≈
.≈....≈≈≈≈≈[.....≈≈≈≈≈≈≈≈≈≈≈≈
≈≈...≈≈≈≈≈≈./<........≈≈≈≈≈≈≈
≈....≈≈≈≈..≈(###.....≈≈≈≈≈≈≈.
....≈≈≈≈!..≈####t<...≈(.≈≈≈.
..........(m)@.((##.....≈..
...##..≈≈≈≈≈$..# #...≈≈. ...
##..≈≈≈≈≈..# .≈≈≈≈≈
#.≈≈≈≈≈(≈.....≈≈≈≈≈
...≈≈≈(≈≈≈...≈≈≈≈≈≈
...≈≈≈≈≈≈≈≈≈.≈≈≈≈≈≈
..≈≈≈≈≈≈≈≈≈≈≈≈≈ ≈
..≈≈≈≈≈≈≈≈≈≈≈ .≈≈≈≈≈≈≈≈≈


You could see a snapping turtle and a merfolk.

Vanquished Creatures
  Maud (Lair:5)
  An orc warlord (Orc:4)
  Snorg (Lair:3)
  An ettin (Orc:4)
  The ghost of Kortx the Cleaver, a powerful DDBe of Trog (D:11)
  A merfolk impaler (Shoals:4)
  5 hydras
  Harold (Lair:2)
  A catoblepas (Lair:6)
  An alligator snapping turtle (Shoals:2)
  5 death yaks (Lair:7)
  Erica (Lair:7)
  A merfolk avatar (Shoals:2)
  2 satyrs (Shoals:4)
  3 orc high priests
  5 sea snakes
  An unseen horror (D:10)
  6 orc knights
  3 orc sorcerers (Orc:4)
  6 fauns (Shoals:1)
  8 griffons
  3 water nymphs
  An oklob plant (Lair:1)
  An ugly thing (D:11)
  3 manticores
  A sixfirhy (Orc:4)
  6 cyclopes (Shoals:3)
  4 black mambas
  3 sirens
  6 elephants (Lair:7)
  15 spiny frogs
  A gargoyle (D:11)
  A centaur skeleton (D:11)
  3 fire drakes
  A torpor snail (Lair:6)
  7 komodo dragons
  3 merfolk
  2 polar bears
  Sonja (Orc:2)
  3 trolls
  4 wandering mushrooms (D:9)
  2 two-headed ogres
  2 wind drakes
  Grinder (D:6)
  4 snapping turtles
  A basilisk (Lair:1)
  A deep elf mage (D:10)
  27 yaks
  2 wyverns
  3 hungry ghosts
  13 hippogriffs
  3 nagas (Lair:3)
  2 wargs
  12 porcupines
  3 steam dragons
  9 water moccasins
  32 orc warriors
  2 swamp drakes (Lair:4)
  2 eyes of draining (D:11)
  5 ogres
  3 ice beasts
  A phantom (D:9)
  3 sky beasts
  An orc zombie (Orc:4)
  5 centaurs
  Sigmund (D:3)
  Duvessa (D:6)
  8 crocodiles
  2 big kobolds
  19 giant frogs
  A gnoll sergeant (Orc:4)
  A water moccasin skeleton (D:7)
  4 scorpions
  The ghost of SummonerCarey the Chopper, a weakling HOAK of Lugonu (D:4)
  2 oklob saplings (D:9)
  5 killer bees (D:10)
  5 electric eels (D:8)
  Dowan (D:6)
  2 giant frog zombies
  6 crimson imps
  2 goliath beetles
  A centaur zombie (D:6)
  2 giant frog skeletons (D:8)
  7 iguanas
  2 jellies (D:7)
  23 orc priests
  16 hounds
  5 worker ants
  24 sheep
  33 orc wizards
  Ijyb (D:3)
  Jessica (D:2)
  A hound skeleton (D:7)
  2 hound zombies (D:10)
  Terence (D:2)
  8 gnolls
  70 river rats
  24 adders
  3 shadow imps
  3 worms
  3 giant mites
  2 adder skeletons (D:4)
  8 giant geckos
  2 oozes
  199 orcs
  3 ball pythons
  A bat skeleton (D:8)
  8 giant cockroaches
  22 hobgoblins
  3 jackals (D:8)
  34 kobolds
  13 quokkas
  15 bats
  A giant gecko skeleton (D:5)
  5 giant newts
  28 goblins
  A jackal skeleton (D:4)
  A quokka skeleton (D:5)
  14 rats
  8 ballistomycetes (D:6)
  A fungus (Lair:2)
  4 plants
927 creatures vanquished.

Vanquished Creatures (collateral kills)
  A centaur (D:8)
  An orc priest (D:8)
  2 fungi (Lair:5)
4 creatures vanquished.

Vanquished Creatures (others)
  3 drowned souls (Shoals:2)
  A spider (Lair:2)
  3 giant spores (D:6)
  2 bushes
  39 fungi
  27 plants
75 creatures vanquished.

Grand Total: 1006 creatures vanquished

Notes
Turn   | Place    | Note
--------------------------------------------------------------
     0 | D:1      | witty, the Vine Stalker Transmuter, began the quest for the Orb.
     0 | D:1      | Reached XP level 1. HP: 9/9 MP: 3/3
     5 | D:1      | Reached skill level 1 in Fighting
   237 | D:1      | Reached XP level 2. HP: 15/15 MP: 5/5
   990 | D:2      | Reached XP level 3. HP: 19/19 MP: 7/7
  1304 | D:2      | Noticed Jessica
  1328 | D:2      | Killed Jessica
  1328 | D:2      | Reached XP level 4. HP: 24/24 MP: 8/8
  1339 | D:2      | Noticed Terence
  1367 | D:3      | Noticed Ijyb
  1389 | D:3      | Killed Ijyb
  1445 | D:3      | Reached skill level 4 in Fighting
  1491 | D:3      | Reached XP level 5. HP: 6/29 MP: 5/11
  1832 | D:3      | Noticed Sigmund
  1861 | D:2      | Killed Terence
  2407 | D:4      | Gained mutation: Your mind is acute. (Int +2) [potion of mutation]
  2407 | D:4      | Gained mutation: Scrolls take you a little longer to read. [potion of mutation]
  2407 | D:4      | Gained mutation: Scrolls take you longer to read. [potion of mutation]
  2931 | D:3      | Killed Sigmund
  2931 | D:3      | Reached skill level 5 in Fighting
  2931 | D:3      | Gained mutation: You heal very quickly. [vine stalker growth]
  2931 | D:3      | Reached XP level 6. HP: 31/35 MP: 12/12
  3291 | D:4      | Reached skill level 6 in Fighting
  3418 | D:4      | Noticed SummonerCarey's ghost (weakling HOAK)
  3452 | D:4      | Killed SummonerCarey's ghost
  3452 | D:4      | Reached XP level 7. HP: 25/41 MP: 14/14
  3769 | D:4      | Reached skill level 7 in Fighting
  4212 | D:5      | Entered Level 5 of the Dungeon
  4217 | D:5      | Found a glowing golden altar of the Shining One.
  4454 | D:5      | Found an ancient bone altar of Kikubaaqudgha.
  4647 | D:5      | Reached skill level 5 in Unarmed Combat
  4652 | D:5      | Gained mutation: You have razor-sharp teeth. [vine stalker growth]
  4652 | D:5      | Reached XP level 8. HP: 35/46 MP: 16/16
  4726 | D:5      | Found a staircase to the Ecumenical Temple.
  4940 | D:6      | Noticed Dowan
  4946 | D:6      | Noticed Duvessa
  4959 | D:6      | Killed Duvessa
  4972 | D:6      | Killed Dowan
  5174 | D:6      | Noticed Grinder
  5176 | D:6      | Paralysed by Grinder for 6 turns
  5199 | D:6      | Killed Grinder
  5323 | D:6      | Reached skill level 8 in Unarmed Combat
  5508 | D:6      | Found a glowing silver altar of Zin.
  5645 | Temple   | Entered the Ecumenical Temple
  5916 | Temple   | Became a worshipper of Cheibriados the Contemplative
  6202 | D:6      | Reached XP level 9. HP: 32/51 MP: 18/18
  6640 | D:7      | Found an iron altar of Okawaru.
  6683 | D:7      | Acquired Cheibriados' first power
  6877 | D:7      | Reached skill level 9 in Fighting
  7417 | D:8      | Found a staircase to the Lair.
  7916 | D:8      | Reached XP level 10. HP: 51/58 MP: 18/18
  8002 | D:8      | Acquired Cheibriados' second power
  8129 | D:8      | Learned a level 3 spell: Spider Form
  8205 | D:8      | Reached skill level 5 in Transmutations
  8753 | Lair:1   | Entered Level 1 of the Lair of Beasts
  8817 | Lair:1   | Acquired Cheibriados' third power
  8978 | Lair:1   | Noticed an oklob plant
  9026 | Lair:1   | Killed an oklob plant
  9186 | Lair:1   | Reached skill level 5 in Invocations
  9346 | D:8      | Learned a level 5 spell: Blade Hands
  9691 | Lair:1   | Reached XP level 11. HP: 25/62 MP: 11/23
 10040 | Lair:1   | Acquired Cheibriados' fourth power
 10688 | Lair:2   | Noticed an eight-headed hydra
 10699 | Lair:2   | Killed an eight-headed hydra
 10699 | Lair:2   | Reached skill level 5 in Dodging
 10808 | Lair:2   | Noticed Harold
 10870 | Lair:2   | Killed Harold
 11425 | Lair:3   | Reached skill level 10 in Fighting
 11436 | Lair:3   | Noticed Snorg
 11451 | Lair:3   | Killed Snorg
 11451 | Lair:3   | Reached skill level 5 in Spellcasting
 11591 | Lair:3   | Gained mutation: You regenerate. [vine stalker growth]
 11591 | Lair:3   | Reached XP level 12. HP: 63/67 MP: 22/27
 11821 | Lair:3   | Noticed a lindwurm
 11824 | Lair:3   | Noticed a lindwurm
 11832 | Lair:3   | Noticed a lindwurm
 11979 | Lair:4   | Learned a level 6 spell: Deflect Missiles
 11990 | Lair:4   | Reached skill level 1 in Charms
 12261 | Lair:4   | Reached skill level 1 in Air Magic
 12482 | Lair:4   | Noticed a six-headed hydra
 12487 | Lair:4   | Killed an eight-headed hydra
 12736 | Lair:4   | Reached skill level 5 in Charms
 13297 | Lair:5   | Noticed Maud
 13308 | Lair:5   | Killed Maud
 13308 | Lair:5   | Reached skill level 5 in Air Magic
 13699 | Lair:5   | Reached XP level 13. HP: 72/72 MP: 25/30
 14472 | Lair:6   | Found a staircase to the Shoals.
 14738 | Lair:6   | Found a viscous altar of Jiyva.
 14739 | Lair:6   | Found a staircase to the Slime Pits.
 15087 | Lair:7   | Noticed Erica
 15093 | Lair:7   | Killed Erica
 15206 | Lair:7   | Reached skill level 11 in Fighting
 16308 | Lair:8   | Entered Level 8 of the Lair of Beasts
 16417 | Lair:3   | Noticed a lindwurm
 16606 | D:9      | Found a shattered altar of Ashenzari.
 16607 | D:9      | Found a burning altar of Makhleb.
 16627 | D:9      | Found an ancient bone altar of Kikubaaqudgha.
 16646 | D:9      | Found a shadowy altar of Dithmenos.
 16648 | D:9      | Found a stormy altar of Qazlal.
 16689 | D:9      | Reached XP level 14. HP: 79/79 MP: 31/31
 17151 | D:9      | Found a blossoming altar of Fedhas.
 17287 | D:10     | Entered Level 10 of the Dungeon
 18183 | D:11     | Found Bravved's Antique Armour Shoppe.
 18189 | D:11     | Bought a warped leather armour for 252 gold pieces
 18199 | D:11     | Identified the +3 leather armour "Priulun" {+Blink +Fly MR- Str-5 Dex+2} (You bought it in a shop on level 11 of the Dungeon)
 18206 | D:11     | Bought a spiked ring mail for 324 gold pieces
 18211 | D:11     | Identified the cursed -5 ring mail of a ziggurat {rN+ rCorr Str-3 SInv} (You bought it in a shop on level 11 of the Dungeon)
 18220 | D:11     | Bought a smoking ring mail for 324 gold pieces
 18225 | D:11     | Identified the cursed -2 ring mail of the Bells {+Blink +Fly rElec Dex-4} (You bought it in a shop on level 11 of the Dungeon)
 18259 | D:11     | Noticed Kortx's ghost (powerful DDBe)
 18268 | D:11     | Killed Kortx's ghost
 18340 | D:11     | Found a runed door.
 18354 | D:11     | Found a runed door.
 18371 | D:11     | Found a runed door.
 18388 | D:11     | Found a runed door.
 18499 | D:11     | Found a staircase to the Orcish Mines.
 18779 | Orc:1    | Entered Level 1 of the Orcish Mines
 18779 | Orc:1    | Found a roughly hewn altar of Beogh.
 18819 | Orc:1    | HP: 2/79 [orc/trident (3)]
 19431 | Orc:2    | Noticed Sonja
 19454 | Orc:2    | Killed Sonja
 19610 | Orc:2    | Reached skill level 10 in Unarmed Combat
 20349 | Orc:2    | Found a white marble altar of Elyvilon.
 20364 | Orc:2    | Found a shimmering altar of Xom.
 20545 | Orc:3    | Found Streamis' General Store.
 21060 | Orc:4    | Entered Level 4 of the Orcish Mines
 21380 | Orc:4    | Found Caxta's Book Shoppe.
 21472 | Orc:4    | Found a staircase to the Elven Halls.
 21578 | Orc:4    | Reached skill level 12 in Fighting
 21657 | Orc:4    | Found Schigist's Antique Armour Boutique.
 21806 | Orc:4    | Noticed an orc warlord
 21814 | Orc:4    | Killed an orc warlord
 21859 | Orc:4    | Found Dauhiu's Antique Weapon Shop.
 21948 | Orc:4    | Found Ochaucku's General Store.
 21956 | Orc:4    | Bought a potion of cancellation for 136 gold pieces
 23143 | Shoals:1 | Entered Level 1 of the Shoals
 23349 | Shoals:1 | Reached skill level 13 in Fighting
 23414 | Shoals:1 | Reached XP level 15. HP: 72/86 MP: 25/32
 23802 | Shoals:2 | Reached skill level 14 in Fighting
 24587 | Shoals:4 | Slain by a snapping turtle

Action                   |  1- 3 |  4- 6 |  7- 9 | 10-12 | 13-15 || total
-------------------------+-------+-------+-------+-------+-------++-------
Melee: Unarmed           |   125 |   269 |   514 |   562 |   813 ||  2283
 Cast: Beastly Appendage |       |     3 |       |     4 |       ||     7
       Blade Hands       |       |       |       |    40 |   115 ||   155
       Deflect Missiles  |       |       |       |       |     6 ||     6
Invok: Bend Time         |       |       |       |     1 |     2 ||     3
       Temporal Distorti |       |       |       |       |    11 ||    11
       Slouch            |       |       |       |       |     3 ||     3
Evoke: Wand              |       |       |     8 |     4 |     2 ||    14
       Sack of spiders   |       |       |       |     1 |       ||     1
  Use: Scroll            |     5 |       |     9 |    11 |    11 ||    36
       Potion            |       |     4 |       |       |     3 ||     7
 Stab: Sleeping          |       |     1 |       |     9 |    10 ||    20
       Paralysed         |       |       |    11 |       |       ||    11
       Distracted        |       |       |       |     2 |     3 ||     5
  Eat: Chunk             |     1 |     6 |    16 |    20 |    42 ||    85
       Fruit             |       |       |       |     1 |     6 ||     7
       Beef jerky        |       |       |       |       |     1 ||     1
